 Dungeon Crawl Stone Soup version 0.24-a0-250-g6074511 (webtiles) character file.

Game seed: 10994434841194887712

79 Borgoz the Cutter (level 4, 0/28 HPs)
             Began as a Kobold Gladiator on Apr 14, 2019.
             Slain by a gnoll
             ... wielding a +0 spear
              (8 damage)
             ... on level 2 of the Dungeon.
             The game lasted 00:02:01 (1841 turns).

Borgoz the Cutter (Kobold Gladiator)                Turns: 1841, Time: 00:02:01

Health: 0/28       AC:  6    Str: 12    XL:     4   Next: 62%
Magic:  4/4        EV: 15    Int:  9    God:
Gold:   63         SH:  0    Dex: 16    Spells: 3/3 levels left

rFire    . . .     SeeInvis .   a - +0 rapier
rCold    . . .     Gourm    .   (shield restricted)
rNeg     . . .     Faith    .   e - +0 ring mail
rPois    .         Spirit   .   c - +0 helmet
rElec    .         Reflect  .   (no cloak)
rCorr    .         Harm     .   (no gloves)
MR       .....                  (no boots)
Stlth    +.........             (no amulet)
HPRegen  0.09/turn              (no ring)
MPRegen  0.09/turn              (no ring)

@: no status effects
A: small, carnivore
a: no special abilities


You were on level 2 of the Dungeon.
You were completely stuffed.

You visited 1 branch of the dungeon, and saw 2 of its levels.

You collected 63 gold pieces.

Inventory:

Hand Weapons
 a - a +0 rapier (weapon)
Missiles
 d - 3 throwing nets (quivered)
Armour
 c - a +0 helmet (worn)
 e - a +0 ring mail (worn)
Scrolls
 b - 3 scrolls of teleportation {unknown}
 g - a scroll of amnesia {unknown}
 i - a scroll of remove curse {unknown}
 j - a scroll of fear {unknown}
Potions
 l - a potion of agility {unknown}
 m - a potion of curing {unknown}
Comestibles
 f - 5 rations


   Skills:
 + Level 3.1 Fighting
 + Level 4.7 Short Blades
 - Level 2.1 Throwing
 + Level 1.3 Armour
 + Level 4.4 Dodging


You had 3 spell levels left.
You didn't know any spells.
Your spell library contained the following spells:

 Spells                   Type           Power        Failure   Level  Hunger
 Magic Dart               Conj           #...         65%         1    ##.....
 Blink                    Tloc           N/A          80%         2    ###....
 Call Imp                 Summ           #.......     80%         2    ###....
 Slow                     Hex            #.......     80%         2    ###....
 Conjure Flame            Conj/Fire      #.......     95%         3    ####...
 Mephitic Cloud           Conj/Pois/Air  #.......     95%         3    ####...


Dungeon Overview and Level Annotations

Branches:
Dungeon (2/15)

Altars:
Cheibriados
Sif Muna
Yredelemnul


Innate Abilities, Weirdness & Mutations

You are small and have problems with some larger weapons.
You are carnivorous and can eat meat at any time.


Message History

The gnoll hits you from afar with a +0 spear!
* * * LOW HITPOINT WARNING * * *
You completely miss the bat. The bat closely misses you.
The rat barely misses you. The gnoll closely misses you.
You closely miss the rat. The rat bites you but does no damage.
The gnoll misses you. The bat misses you.
You hit the rat.
You kill the rat!
The bat hits you but does no damage. The gnoll completely misses you.
The bat hits you but does no damage. The gnoll barely misses you.
There is an open door, spattered with blood here.
Things that are here:
a +0 whip; a rat corpse You barely miss the gnoll.
The bat closely misses you. The gnoll hits you but does no damage.
You completely miss the gnoll. The bat closely misses you. The bat misses you.
The bat closely misses you. The gnoll closely misses you.
You miss the bat. The bat hits you but does no damage.
The gnoll hits you with a +0 spear!
You die...

##......# ...........#....###.
........# #.......%..#....+...
##......# #..........##...####
#......# #.......... ...# ##
#......# #.....[.... ...# #.
#......######.......... ..# #.
#...................... ...# #.
#......#######g........ ...# #.
#......########@#########...###.
#.............)†.............##.
#.....########b..............##.
####### #...............##.
#...............###
###############...............#
#.............................#
#...............###############
#............)).#


You could see a gnoll and a bat.

Vanquished Creatures
  3 gnolls (D:2)
  An ooze (D:2)
  A worm (D:2)
  3 dart slugs
  2 leopard geckos
  A giant cockroach (D:1)
  2 gnoll zombies (D:2)
  6 hobgoblins
  6 kobolds
  A quokka (D:2)
  A bat (D:1)
  3 frilled lizards
  4 goblins
  3 rats (D:2)
37 creatures vanquished.

Notes
Turn   | Place    | Note
-------+----------+-------------------------------------------
     0 | D:1      | Borgoz the Kobold Gladiator began the quest for the Orb.
     0 | D:1      | Reached XP level 1. HP: 12/12 MP: 1/1
    86 | D:1      | Reached XP level 2. HP: 18/18 MP: 2/2
  1112 | D:2      | Reached XP level 3. HP: 11/22 MP: 3/3
  1383 | D:2      | Found a deep blue altar of Sif Muna.
  1383 | D:2      | Found a snail-covered altar of Cheibriados.
  1572 | D:2      | Reached skill level 1 in Armour
  1774 | D:2      | Found a basalt altar of Yredelemnul.
  1818 | D:2      | Reached XP level 4. HP: 12/27 MP: 4/4
  1841 | D:2      | Slain by a gnoll

Levels and vault maps discovered:
D:1:      nicolae_arrival_somewhat_less_tricky_arrival, layout_basic
D:2:      layout_basic, lemuel_zombie_altar_yredelemnul,
          grunt_temple_overflow_open, first_ration

Skill      XL: |  1  2  3  4 |
---------------+-------------+-----
Dodging        | 4 |  4.4
Armour         | 1 |  1.3
Fighting       | 3 |  3.1
Short Blades   | |  4.7
Throwing       | |  2.1

Action                   |  1- 3 |  4- 6 || total
-------------------------+-------+-------++-------
Melee: Rapier            |   124 |    18 ||   142
  Use: Potion            |       |     1 ||     1
  Eat: Chunk             |    11 |       ||    11
Armor: Leather armour    |     1 |       ||     1
       Ring mail         |    18 |    12 ||    30
Dodge: Dodged            |   119 |    42 ||   161

Table legend:
 A = Non-vault XP
 B = Vault XP
 C = Vault XP percentage of total XP
 D = Non-vault monster count
 E = Vault monster count
 F = Vault count percentage of total count
                 A         B        C        D         E       F
            +---------+---------+-------+---------+---------+-------
      Total |     110 |       3 |   2.7 |      35 |       2 |   5.4
            +---------+---------+-------+---------+---------+-------
        D:1 |      26 |       0 |   0.0 |      15 |       0 |   0.0
        D:2 |      84 |       3 |   3.4 |      20 |       2 |   9.1
            +---------+---------+-------+---------+---------+-------
